 Dungeon Crawl Stone Soup version 0.19.0-20-gbc5f0c6 (webtiles) character file.

7578 magipi the Grappler (level 10, -3/150 HPs)
             Began as a Troll Hunter on Nov 16, 2016.
             Was a Follower of Fedhas.
             Slain by Snorg (7 damage)
             ... on level 10 of the Dungeon.
             The game lasted 00:40:25 (9384 turns).

magipi the Grappler (Troll Hunter)                  Turns: 9384, Time: 00:40:26

Health: -3/150     AC: 11    Str: 28    XL:     10   Next: 97%
Magic:  13/13      EV:  9    Int:  7    God:    Fedhas [*.....]
Gold:   318        SH:  0    Dex:  8    Spells: 0 memorised, 9 levels left

rFire  . . .     SeeInvis .       - Unarmed
rCold  . . .     Gourm    +     D - +3 robe "Moj Uwu" {rN++ Regen+ Dex-4}
rNeg   + + +     Faith    .     (no shield)
rPois  .         Spirit   .     (helmet restricted)
rElec  .         Reflect  .     o - +2 cloak
rCorr  .         Harm     .     (gloves unavailable)
MR     .....                    (boots unavailable)
Stlth  ..........               g - amulet of rage
                                n - ring of positive energy
                                (no ring)

@: berserking (expiring), very quick
A: unfitting armour, claws 3, fast metabolism 3, gourmand, regeneration 1,
shaggy fur 1, tough skin 2
a: Fungal Bloom, Evolution, Renounce Religion, Evoke Berserk Rage


You were on level 10 of the Dungeon.
You worshipped Fedhas.
Fedhas was aware of your devotion.
You were not hungry.

You visited 3 branches of the dungeon, and saw 12 of its levels.
You also visited: Sewer and Ossuary.

You collected 570 gold pieces.
You spent 252 gold pieces at shops.

Notes
Turn   | Place    | Note
-------+----------+-------------------------------------------
     0 | D:1      | magipi the Troll Hunter began the quest for the Orb.
     0 | D:1      | Reached XP level 1. HP: 19/19 MP: 0/0
   133 | D:1      | Reached skill level 1 in Unarmed Combat
   314 | D:1      | Reached XP level 2. HP: 25/27 MP: 1/1
   632 | D:2      | Reached skill level 2 in Unarmed Combat
   739 | D:2      | Found a glowing silver altar of Zin.
   740 | D:2      | Noticed an angel
   763 | D:2      | Noticed Jessica
   769 | D:2      | Killed Jessica
   769 | D:2      | Reached XP level 3. HP: 33/33 MP: 2/2
   806 | D:2      | Reached skill level 3 in Unarmed Combat
   875 | D:2      | Found a faded altar of an unknown god.
   884 | D:2      | Became a worshipper of the Shining One
   884 | D:2      | Reached * piety under the Shining One
  1004 | D:2      | Reached XP level 4. HP: 37/41 MP: 3/3
  1421 | D:3      | Found a glowing drain.
  1430 | Sewer    | Entered a sewer
  1606 | Sewer    | Reached skill level 4 in Unarmed Combat
  1606 | Sewer    | Reached XP level 5. HP: 48/48 MP: 4/4
  1793 | Sewer    | Reached skill level 5 in Unarmed Combat
  1793 | Sewer    | Reached XP level 6. HP: 32/55 MP: 5/5
  2086 | D:3      | Reached skill level 5 in Throwing
  2867 | D:4      | Reached skill level 6 in Unarmed Combat
  2899 | D:4      | Noticed Robin
  2942 | D:4      | Reached ** piety under the Shining One
  2951 | D:4      | Killed Robin
  3034 | D:4      | Reached XP level 7. HP: 47/62 MP: 6/6
  3366 | D:5      | Entered Level 5 of the Dungeon
  3412 | D:5      | Found Fosoad's Magic Scroll Shoppe.
  3435 | D:5      | Noticed Azzok's ghost (novice DEEn)
  3450 | D:5      | Killed Azzok's ghost
  3450 | D:5      | Reached skill level 7 in Unarmed Combat
  3972 | D:5      | Reached XP level 8. HP: 67/70 MP: 7/7
  4095 | D:5      | Got a brightly glowing robe
  4106 | D:5      | Identified the +3 robe "Moj Uwu" {rN++ Regen+ Dex-4} (You found it on level 5 of the Dungeon)
  4179 | D:5      | Bought a scroll of identify for 28 gold pieces
  4179 | D:5      | Bought a scroll of identify for 28 gold pieces
  4179 | D:5      | Bought a scroll of identify for 28 gold pieces
  4179 | D:5      | Bought a scroll of identify for 28 gold pieces
  4179 | D:5      | Bought a scroll of identify for 28 gold pieces
  4179 | D:5      | Bought a scroll of identify for 28 gold pieces
  4398 | D:6      | Reached skill level 8 in Unarmed Combat
  4708 | D:6      | Reached skill level 9 in Unarmed Combat
  4872 | D:6      | Found a staircase to the Ecumenical Temple.
  4908 | D:6      | Found a sparkling altar of Nemelex Xobeh.
  5037 | D:7      | Found a deep blue altar of Sif Muna.
  5037 | D:7      | Found a radiant altar of Vehumet.
  5162 | D:7      | Reached XP level 9. HP: 51/76 MP: 8/8
  5458 | D:7      | Reached skill level 10 in Unarmed Combat
  6049 | D:8      | Noticed Maurice
  6098 | D:8      | Found a sand-covered staircase.
  6103 | Ossuary  | Entered an ossuary
  6108 | Ossuary  | Reached *** piety under the Shining One
  6213 | Ossuary  | Reached **** piety under the Shining One
  6283 | Ossuary  | Reached skill level 1 in Evocations
  6301 | Ossuary  | Reached ***** piety under the Shining One
  6532 | D:8      | Killed Maurice
  6657 | D:8      | Reached XP level 10. HP: 72/92 MP: 11/11
  6817 | D:8      | Found a staircase to the Lair.
  6835 | Lair:1   | Entered Level 1 of the Lair of Beasts
  6838 | Lair:1   | Noticed a black mamba
  6938 | D:5      | Bought a scroll of remove curse for 42 gold pieces
  6938 | D:5      | Bought a scroll of remove curse for 42 gold pieces
  6985 | Temple   | Entered the Ecumenical Temple
  7204 | Temple   | Fell from the grace of the Shining One
  7204 | Temple   | Became a worshipper of Fedhas Madash
  8250 | D:9      | Reached skill level 5 in Fighting
  8538 | D:9      | Found a blossoming altar of Fedhas.
  8692 | D:9      | Reached skill level 5 in Evocations
  8719 | D:10     | Entered Level 10 of the Dungeon
  9142 | D:10     | Noticed a hill giant
  9151 | D:10     | Killed a hill giant
  9159 | D:10     | Reached * piety under Fedhas
  9372 | D:10     | Noticed Snorg
  9384 | D:10     | HP: 4/150 [Snorg (17)]
  9384 | D:10     | Slain by Snorg

Inventory:

Missiles
 c - 2 large rocks (quivered)
 d - 2 throwing nets
 l - 14 curare-tipped needles
 M - 7 javelins
Armour
 b - a +2 robe of fire resistance
 o - a +2 cloak (worn)
 D - the +3 robe "Moj Uwu" (worn) {rN++ Regen+ Dex-4}
   (You found it on level 5 of the Dungeon)

   It affects your dexterity (-4).
   It greatly protects you from negative energy.
   It increases your rate of regeneration.
Jewellery
 g - an amulet of rage (around neck)
 j - an uncursed ring of flight
 m - an uncursed ring of fire
 n - a ring of positive energy (right claw)
 L - an uncursed ring of stealth
 N - an uncursed amulet of guardian spirit
Wands
 p - a wand of teleportation (7/9)
 z - a wand of confusion (30/48)
 B - a wand of flame (17/48)
 G - a wand of flame (7/48)
Scrolls
 a - 2 scrolls of enchant armour
 q - 6 scrolls of teleportation
 r - 2 scrolls of fog
 s - a scroll of recharging
 y - a scroll of magic mapping
 A - 5 scrolls of blinking
 F - a scroll of fear
 J - a scroll of enchant weapon
 Q - a scroll of identify
 T - a scroll of remove curse
Potions
 e - 3 potions of agility
 i - a potion of lignification
 k - a potion of flight
 u - 4 potions of magic
 v - 6 potions of curing
 w - 7 potions of might
 x - 3 potions of heal wounds
 H - 2 potions of cancellation
 I - 2 potions of haste {unknown}
 K - 2 potions of berserk rage
 O - 2 potions of resistance
 P - 4 potions of ambrosia {unknown}
Books
 C - a book of Flames

   Spells                             Type                      Level
   a - Flame Tongue                   Conjuration/Fire             1
   b - Throw Flame                    Conjuration/Fire             2
   c - Conjure Flame                  Conjuration/Fire             3
   d - Inner Flame                    Hexes/Fire                   3
   e - Sticky Flame                   Conjuration/Fire             4
   f - Fireball                       Conjuration/Fire             5
 E - a book of Battle

   Spells                             Type                      Level
   a - Infusion                       Charms                       1
   b - Shroud of Golubria             Charms/Translocation         2
   c - Song of Slaying                Charms                       2
   d - Spectral Weapon                Hexes/Charms                 3
   e - Regeneration                   Charms/Necromancy            3
Comestibles
 f - 8 bread rations
 h - 3 fruits
 t - 6 meat rations


   Skills:
 + Level 6.6 Fighting
 - Level 8.1 Throwing
 - Level 1.5 Dodging
 - Level 0.3 Stealth
 - Level 10.3 Unarmed Combat
 + Level 5.8 Evocations


You had 9 spell levels left.
You didn't know any spells.

Dungeon Overview and Level Annotations

Branches:
Dungeon (10/15)            Temple (1/1) D:6            Lair (1/6) D:8
    Orc: D:9-12

Altars:
Ashenzari
Cheibriados
Dithmenos
Elyvilon
Fedhas
Gozag
Hepliaklqana
Kikubaaqudgha
Makhleb
Nemelex Xobeh
Okawaru
Qazlal
Ru
Sif Muna
Trog
Uskayaw
Vehumet
Xom
Yredelemnul
Zin
The Shining One

Shops:
D:5 ?

Annotations:
D:10 Snorg


Innate Abilities, Weirdness & Mutations

You are too large for most types of armour.
You have claws for hands.
Your metabolism is lightning-fast.
You like to eat raw meat.
Your natural rate of healing is unusually fast.
You are covered in fur. (AC +1)
You have very tough skin. (AC +2)

Vault maps used:
D:1:      lightli_arrival_boilingwater
D:2:      zin_angel, ecumenical_altar_1, uniq_jessica
D:3:      first_bread, portal_sewer_entry_d
D:4:      uniq_robin
D:5:      serial_shops, nicolae_shop_crystal
D:6:      nemelex_altar_shiori
D:7:      chequers_temple_overflow_statue_of_worship,
          hangedman_abyss_or_decor_stagger, the_bakery
D:8:      erik_lair_orcish_takeover, enter_ossuary_5, minmay_misc_feat_encased,
          uniq_maurice
D:9:      fedhas_bush_and_centaur_altar
D:10:     uniq_snorg
Temple:   dpeg_five_rooms_temple
Lair:1:   beast_lair_carwin_9
Sewer:    sewer_minmay_w
Ossuary:  ossuary_tomb_1


Message History

You kill the orc!
Things that are here:
a flail; a tomahawk of returning; a hippogriff corpse Unknown command.
You see here a club.
You start resting.
HP restored.
The orc wizard gestures wildly while chanting.
The orc wizard blinks!
Things that are here:
a hand axe; a tomahawk of returning; an orc skeleton You claw the orc wizard!
The orc wizard is almost dead.
The orc wizard gestures wildly while chanting.
The orc wizard blinks!
The orc wizard gestures wildly while chanting.
The orc wizard seems to speed up.
The orc wizard casts a spell at you. The magic dart hits you!
Things that are here:
a flail; a tomahawk of returning; a hippogriff corpse You scratch the orc wizard.
The orc wizard is almost dead.
The orc wizard hits you with a dagger.
You scratch the orc wizard.
You kill the orc wizard!
Things that are here:
a dagger; a robe Some toadstools grow from a nearby corpse.
Fedhas appreciates your contribution to the ecosystem.
Unknown command.
You walk carefully through the fungus.
Things that are here:
a flail; a tomahawk of returning; a hippogriff skeleton You now have 318 gold pieces (gained 13).
A nearby toadstool withers and dies.
A black bear comes into view.
The black bear growls angrily.
The black bear closely misses you.
The black bear claws you but does no damage.
The black bear barely misses you.
You mangle the black bear!!
The black bear is almost dead.
You closely miss the black bear.
The black bear is almost dead.
The black bear bites you!
The black bear claws you but does no damage. x2
You claw the black bear!
You kill the black bear!
You see here a black bear corpse.
A toadstool grows at your feet.
Fedhas appreciates your contribution to the ecosystem.
Magic restored.
A nearby toadstool withers and dies.
Found a stone staircase leading up.
Snorg the Insatiable comes into view.
Snorg shouts!
Throwing (i - inventory. (,) - cycle):
c - 5 large rocks (quivered)
Press: ? - help, Shift-Dir - straight line, f - Snorg
Aim: Snorg You throw a large rock.
The large rock hits Snorg.
Snorg is lightly wounded.
Throwing (i - inventory. (,) - cycle):
c - 4 large rocks (quivered)
Press: ? - help, Shift-Dir - straight line, f/p - Snorg
Aim: Snorg (lightly wounded)
You throw a large rock. The large rock barely misses Snorg.
Throwing (i - inventory. (,) - cycle):
c - 3 large rocks (quivered)
Press: ? - help, Shift-Dir - straight line, f/p - Snorg
Aim: Snorg (lightly wounded)
You throw a large rock. The large rock closely misses Snorg.
Snorg goes berserk!
Put on which piece of jewellery? (? for menu, Esc to quit)
You remove your amulet of guardian spirit.
g - an amulet of rage (around neck)
A red film seems to cover your vision as you go berserk!
You feel yourself moving faster!
You feel mighty! Snorg closely misses you. x2
Snorg claws you. Snorg bites you!! Snorg claws you! Snorg closely misses you.
You claw Snorg!
Snorg is lightly wounded.
Snorg bites you! Snorg claws you. x2
You mangle Snorg!!
Snorg is moderately wounded.
You eviscerate Snorg!!!
Snorg is heavily wounded.
Snorg bites you but does no damage. Snorg misses you. Snorg claws you!
You claw Snorg! You claw Snorg!!
Snorg is severely wounded.
Snorg bites you! Snorg claws you!
* * * LOW HITPOINT WARNING * * *
Snorg barely misses you.
You claw Snorg!
Snorg is almost dead.
Snorg barely misses you. Snorg claws you but does no damage. Snorg claws you!!
* * * LOW HITPOINT WARNING * * *
You closely miss Snorg.
Snorg is almost dead.
Snorg bites you!
* * * LOW HITPOINT WARNING * * *
Snorg claws you!
You die...
Fedhas appreciates your contribution to the ecosystem.

.. ....((.. ..
....(.. .. ......
.. #.... .< #...
.. #.. #T# #@##
### #..# #..
#..## ##.. ##..##
#######..#
##..####..##..###
#...........##
###.........#
######...##
##...# #


You could see Snorg (berserk).

Vanquished Creatures
  A hill giant (D:10)
  Maurice (D:8)
  A centaur skeleton (D:10)
  The ghost of Azzok the Sneak, a novice DEEn (D:5)
  A troll (D:9)
  4 hippogriffs
  A spriggan (D:7)
  4 yaks
  2 hungry ghosts (D:8)
  2 wargs
  A black bear (D:10)
  3 ice beasts
  3 sky beasts
  An orc warrior (D:7)
  2 ogres
  5 centaurs
  A crocodile (D:9)
  5 bullfrogs
  2 elf zombies (Ossuary)
  A gnoll sergeant (D:5)
  A wyvern zombie (D:9)
  3 killer bees (D:7)
  6 scorpions
  A howler monkey (D:8)
  3 crimson imps
  3 centaur zombies
  3 hounds
  A quasit (D:10)
  2 jellies
  A bullfrog skeleton (D:5)
  A human zombie (Ossuary)
  6 orc priests
  15 orc wizards
  Jessica (D:2)
  An iguana (D:10)
  5 worker ants
  A hound zombie (D:8)
  2 mummies (Ossuary)
  4 hound skeletons
  Robin (D:4)
  3 gnolls
  15 adders
  4 river rats (Sewer)
  A shadow imp (D:5)
  5 oozes
  2 adder zombies
  3 worms
  3 dart slugs
  4 leopard geckos
  37 orcs
  3 giant cockroaches
  15 goblins
  8 hobgoblins
  8 jackals
  4 kobolds (D:3)
  4 quokkas
  13 ball pythons (Sewer)
  6 bats
  2 frilled lizards
  A goblin zombie (Ossuary)
  8 hobgoblin zombies (Ossuary)
  2 jackal zombies (Ossuary)
  9 kobold zombies (Ossuary)
  2 leopard gecko zombies
  10 orc zombies (Ossuary)
  29 rats
  A rat zombie (Ossuary)
305 creatures vanquished.

Vanquished Creatures (others)
  33 toadstools
33 creatures vanquished.

Grand Total: 338 creatures vanquished

Action                   |  1- 3 |  4- 6 |  7- 9 | 10-12 || total
-------------------------+-------+-------+-------+-------++-------
Melee: Unarmed           |    60 |   205 |   281 |   217 ||   763
       Punch             |       |     3 |     8 |    17 ||    28
Throw: Large rock        |     1 |       |     6 |     8 ||    15
Invok: Fungal Bloom      |       |       |       |    13 ||    13
 Abil: Evoke Berserk Rag |       |       |       |     1 ||     1
Evoke: Wand              |       |       |     3 |     2 ||     5
  Use: Scroll            |       |    10 |    12 |     6 ||    28
 Stab: Sleeping          |     1 |       |       |     1 ||     2
  Eat: Chunk             |    13 |    19 |    30 |    24 ||    86
       Pizza             |       |       |     1 |       ||     1
       Bread ration      |       |       |       |     1 ||     1
       Beef jerky        |       |       |       |     1 ||     1
Armor: Robe              |    23 |    80 |    80 |    90 ||   273
Dodge: Dodged            |    27 |    98 |    82 |    76 ||   283

Action                   |  1- 3 |  4- 6 |  7- 9 | 10-12 || total
-------------------------+-------+-------+-------+-------++-------
Melee: Unarmed           |    60 |   205 |   281 |   217 ||   763
       Punch             |       |     3 |     8 |    17 ||    28
Throw: Large rock        |     1 |       |     6 |     8 ||    15
Invok: Fungal Bloom      |       |       |       |    13 ||    13
 Abil: Evoke Berserk Rag |       |       |       |     1 ||     1
Evoke: Wand              |       |       |     3 |     2 ||     5
  Use: Scroll            |       |    10 |    12 |     6 ||    28
 Stab: Sleeping          |     1 |       |       |     1 ||     2
  Eat: Chunk             |    13 |    19 |    30 |    24 ||    86
       Pizza             |       |       |     1 |       ||     1
       Bread ration      |       |       |       |     1 ||     1
       Beef jerky        |       |       |       |     1 ||     1
Armor: Robe              |    23 |    80 |    80 |    90 ||   273
Dodge: Dodged            |    27 |    98 |    82 |    76 ||   283
